 Dungeon Crawl Stone Soup version 0.21-a0-509-gecc5317 (webtiles) character file.

2 slep the Shield-Bearer (level 1, 0/11 HPs)
             Began as a Vine Stalker Fighter on Nov 30, 2017.
             Slain by a gnoll
             ... wielding a cursed -1 whip
              (2 damage)
             ... on level 1 of the Dungeon.
             The game lasted 00:00:15 (40 turns).

slep the Shield-Bearer (Vine Stalker Fighter)         Turns: 40, Time: 00:00:15

Health: 0/11       AC:  6    Str: 18    XL:     1   Next: 40%
Magic:  0/2        EV:  7    Int:  8    God:
Gold:   0          SH:  9    Dex: 13    Spells: 0/0 levels left

rFire    . . .     SeeInvis .   a - +0 long sword
rCold    . . .     Gourm    .   c - +0 shield
rNeg     . . .     Faith    .   b - +0 scale mail
rPois    .         Spirit   +   (no helmet)
rElec    .         Reflect  .   (no cloak)
rCorr    .         Harm     .   (no gloves)
MR       .....                  (no boots)
Stlth    ..........             (no amulet)
HPRegen  0.03/turn              (no ring)
MPRegen  0.08/turn              (no ring)

@: no status effects
A: fangs 2, magic shield, antimagic bite, no potion heal 3, rot immunity
a: no special abilities


You were on level 1 of the Dungeon.
You were not hungry.

You visited 1 branch of the dungeon, and saw 1 of its levels.

Inventory:

Hand Weapons
 a - a +0 long sword (weapon)
Armour
 b - a +0 scale mail (worn)
 c - a +0 shield (worn)
Potions
 d - a potion of might
Comestibles
 f - a bread ration


   Skills:
 + Level 2.7 Fighting
 + Level 1.7 Long Blades
 + Level 2.5 Armour
 + Level 2.7 Shields


You couldn't memorise any spells.
You didn't know any spells.

Dungeon Overview and Level Annotations

Branches:
Dungeon (1/15)

Altars:


Innate Abilities, Weirdness & Mutations

You have extremely sharp teeth.
When hurt, damage is shared between your health and your magic reserves.
Your bite disrupts and absorbs the magic of your enemies.
Potions cannot restore your health.
You are immune to rotting.


Message History

You miss the kobold. The ooze hits you but does no damage.
You block the kobold's attack.
You closely miss the kobold. Your bite misses the kobold.
The ooze hits you but does no damage. You block the kobold's attack.
The ooze hits you.
You slash the kobold!
You kill the kobold!
You block the ooze's attack.
You barely miss the frilled lizard. Your bite misses the frilled lizard.
You block the frilled lizard's attack. The gnoll hits you but does no damage.
The ooze closely misses you.
You closely miss the frilled lizard. Your bite misses the frilled lizard.
The frilled lizard barely misses you.
You riposte.
You miss the frilled lizard.
You bite the frilled lizard, but do no damage.
The gnoll hits you with an enchanted whip.
* * * LOW HITPOINT WARNING * * *
The ooze jiggles.
The ooze hits you but does no damage. You block the frilled lizard's attack.
The gnoll hits you with an enchanted whip.
You die...

# #)# #.#.# . #.#
#.#+#.) ...
.#####.####.# #.# ...#
#............#+#.###...#
.......................#
#.......................
.......................#
................gJ......
#.####........?.@lK.....
#. #..####.....####..#
#.. #.....# #..
........# #. ###.....#
........ ###.(...##
#.....#


You could see a gnoll, an ooze, a kobold and a frilled lizard.

Vanquished Creatures
  A hobgoblin (D:1)
  A goblin (D:1)
  A kobold (D:1)
3 creatures vanquished.

Notes
Turn   | Place    | Note
-------+----------+-------------------------------------------
     0 | D:1      | slep the Vine Stalker Fighter began the quest for the Orb.
     0 | D:1      | Reached XP level 1. HP: 11/11 MP: 2/2
    40 | D:1      | Slain by a gnoll

Vault maps used:
D:1:      minmay_arrival_doors

Action                   || total
-------------------------++-------
Melee: Long sword        ||    12
       Bite              ||     3
Armor: Scale mail        ||     7
Dodge: Dodged            ||     5
Block: Shield            ||     9
       Rpst.: Long sword ||     2

Table legend:
 A = Spawn XP
 B = Non-spawn XP
 C = Spawn XP percentage of total XP
 D = Spawn monster count
 E = Non-spawn monster count
 F = Spawn count percentage of total count
 G = Total turns spent on level
                    A         B        C        D         E        F      G
               +---------+---------+-------+---------+---------+-------+---------
         Total |       0 |       4 |   0.0 |       0 |       3 |   0.0 |    40
               +---------+---------+-------+---------+---------+-------+---------
           D:1 |       0 |       4 |   0.0 |       0 |       3 |   0.0 |    40
               +---------+---------+-------+---------+---------+-------+---------
